 Dungeon Crawl Stone Soup version 0.31.0-9-g3a7656b989 (webtiles) character file.

Game seed: 2638656293884493883

14267 Kenran the Grappler (level 12, -1/116 HPs)
             Began as a Naga Gladiator on Jan 31, 2024.
             Was a Priest of the Shining One.
             Slain by a jumping spider (15 damage)
             ... on level 2 of the Lair of Beasts on Feb 1, 2024.
             The game lasted 00:23:16 (13751 turns).

Kenran the Grappler (Naga Gladiator)               Turns: 13751, Time: 00:23:16

Health: -1/116     AC: 12    Str: 21    XL:     12   Next: 14%
Magic:  12/15      EV:  5    Int:  8    God:    the Shining One [***...]
Gold:   746        SH:  0    Dex: 14    Spells: 11/11 levels left

rFire   + .          .
                       - Unarmed
rCold   . . .        s - +0 buckler
rNeg    + . .        z - +0 steam dragon scales
rPois   +            b - +0 helmet
rElec   .            u - +2 cloak
rCorr   +            (no gloves)
SInv    +            (no barding)
Will    +....        (no amulet)
Stlth   +            h - ring of resist corrosion
HPRegen 0.39/turn    j - ring of protection from fire
MPRegen 0.14/turn

%: no passive effects
@: divinely shielded, held, glowing, very slow
A: AC +4, large, see invisible, deformed body, poison resistance, slowness 2,
spit poison 1, naga tail 1
a: Spit Poison, Renounce Religion, Divine Shield, Cleansing Flame


You were on level 2 of the Lair of Beasts.
You worshipped the Shining One.
The Shining One was most pleased with you.
You visited 2 branches of the dungeon, and saw 13 of its levels.

You collected 746 gold pieces.

Inventory:

Missiles
 d - 7 javelins (quivered)
Armour
 b - a +0 helmet (worn)
 s - a +0 buckler (worn)
 u - a +2 cloak (worn)
 z - +0 steam dragon scales (worn)
Jewellery
 h - a ring of resist corrosion (left hand)
 j - a ring of protection from fire (right hand)
 v - a ring of ice
Wands
 k - a wand of charming (15)
 n - a wand of digging (15)
 t - a wand of mindburst (1)
 y - a wand of flame (14)
 F - a wand of polymorph (3)
Scrolls
 a - 2 scrolls of fog
 e - 6 scrolls of teleportation
 f - 3 scrolls of revelation
 i - a scroll of noise {unknown}
 l - 2 scrolls of enchant weapon
 r - 2 scrolls of vulnerability {!r}
 w - a scroll of butterflies
 D - a scroll of poison {unknown}
 E - a scroll of identify {@r1}
 G - a scroll of fear {unknown}
 H - a scroll of immolation {unknown}
Potions
 c - 2 potions of haste {unknown}
 g - a potion of brilliance {unknown}
 m - a potion of degeneration {unknown}
 o - a potion of ambrosia {unknown}
 p - 2 potions of berserk rage {unknown}
 q - 2 potions of enlightenment {unknown}
 x - a potion of curing {@q1}
 A - 3 potions of heal wounds {@q2}
 B - 4 potions of might {unknown}
 C - a potion of mutation {unknown}


   Skills:
 - Level 10.0 Fighting
 - Level 1.7 Throwing
 + Level 6.2 Armour
 - Level 2.4 Dodging
 - Level 3.0 Shields
 + Level 13.1 Unarmed Combat
 - Level 5.0 Invocations
 - Level 5.0 Evocations


You had 11 spell levels left.
You didn't know any spells.
Your spell library contained the following spells:

 Spells                   Type           Power      Damage    Failure   Level
 Magic Dart               Conj           0%         1d3       47%         1
 Sandblast                Erth           0%         2d4       47%         1
 Sting                    Conj/Alch      0%         1d3       47%         1
 Mercury Vapours          Alch/Air       0%         N/A       63%         2
 Searing Ray              Conj           0%         2d4       63%         2
 Passwall                 Erth           0%         N/A       85%         3
 Stone Arrow              Conj/Erth      0%         3d7       85%         3
 Animate Armour           Summ/Erth      0%         N/A       99%         4
 Brom's Barrelling Bould  Conj/Erth      0%         2d3       99%         4
 Fulminant Prism          Conj/Alch      0%         3d5       99%         4
 Olgreb's Toxic Radiance  Alch           0%         N/A       99%         4
 Lehudib's Crystal Spear  Conj/Erth      0%         10d2      100%        8


Dungeon Overview and Level Annotations

Branches:
Dungeon (11/15)            Temple (0/1) D:6            Lair (2/5) D:8
 Spider (0/4) Lair:2          Orc (0/2) D:11
  Swamp: Lair:2-3    Shoals: Lair:2-3

Altars:
Dithmenos
Elyvilon
Fedhas
Gozag
Hepliaklqana
Makhleb
Nemelex Xobeh
Okawaru
Qazlal
Ru
Trog
Wu Jian
Xom
The Shining One

Shops:
D:1 =   D:5 *   D:9 *

Annotations:
D:4 1 runed translucent door, Crazy Yiuf
Lair:1 exclusion: 2 oklob plants


Innate Abilities, Weirdness & Mutations

Your serpentine skin is tough. (AC +4)
You have supernaturally acute eyesight. (SInv)
Armour fits poorly on your strangely shaped body.
Your system is resistant to poisons. (rPois)
You cover ground very slowly.
You can spit poison.
You have a snake-like lower body.


Message History

The jumping spider bites you but does no damage.
The web tears apart.
The jumping spider closely misses you. The jumping spider bites you.
* * * LOW HITPOINT WARNING * * *
The jumping spider pounces on you but does no damage.
The jumping spider barely misses you.
You punch the jumping spider!
The jumping spider is moderately wounded.
The jumping spider pounces on you!
* * * LOW HITPOINT WARNING * * *
You are caught in a web!
The jumping spider barely misses you.
The web tears apart.
The jumping spider barely misses you. The jumping spider bites you.
* * * LOW HITPOINT WARNING * * *
You feel much better.
The jumping spider pounces on you but does no damage.
The jumping spider barely misses you.
The jumping spider pounces on you but does no damage.
The jumping spider closely misses you. The jumping spider pounces on you!
* * * LOW HITPOINT WARNING * * *
The jumping spider closely misses you.
Your shield is strengthened by the Shining One's divine power.
The jumping spider leaps!
The jumping spider pounces on you!
* * * LOW HITPOINT WARNING * * *
The jumping spider barely misses you.
You punch the jumping spider!
The jumping spider is heavily wounded.
The jumping spider pounces on you but does no damage.
The jumping spider bites you but does no damage.
The jumping spider closely misses you.
The jumping spider bites you but does no damage.
You punch the jumping spider!
The jumping spider is severely wounded.
The jumping spider leaps!
The jumping spider pounces on you.
* * * LOW HITPOINT WARNING * * *
You are caught in a web!
The jumping spider bites you but does no damage.
You struggle to detach yourself from the web.
The jumping spider pounces on you!
You die...

## ## #....##
##.##.###.....#
.............#
.s...........#
.............##
~~~...........#
~~.~.........#
~.°.~~...@s....##
...~~~.##.#.....#
.>.... ###.....#
...~~~ #....##
~.~.~~# #)....#
~.~~.~. #....##
~.~~~..####....##
#..........#
####PP....P#


You could see 2 jumping spiders.

Vanquished Creatures
  Fannar (D:10)
  A manticore (D:11)
  A black mamba (Lair:1)
  A cane toad (Lair:1)
  Maggie (D:7)
  5 komodo dragons
  3 trolls
  2 hornets
  A polar bear (Lair:1)
  Grinder (D:4)
  9 blink frogs (Lair:1)
  Prince Ribbit (D:7)
  A jumping spider (Lair:2)
  A shadow (D:11)
  6 yaks (D:11)
  A wraith (D:8)
  A wyvern (Lair:1)
  A golden eye (Lair:1)
  3 vampire mosquitoes (D:11)
  Menkaure (D:7)
  5 steam dragons
  3 acid dragons
  3 water moccasins
  Duvessa (D:5)
  2 orc warriors
  A black bear (D:4)
  2 ogres
  5 wolves (Lair:1)
  A phantom (D:6)
  3 centaurs
  6 kobold brigands
  Blork the orc (D:6)
  5 bullfrogs
  A gnoll sergeant (D:10)
  5 scorpions
  5 wights
  4 killer bees
  Dowan (D:5)
  4 howler monkeys
  4 crimson imps (D:3)
  6 hounds
  2 bombardier beetles
  7 orc priests
  2 gnoll boudas
  2 sleepcaps
  11 orc wizards
  An iguana (D:6)
  Terence (D:3)
  16 gnolls
  3 adders
  A white imp (D:5)
  2 ufetubi (D:6)
  A dart slug (D:2)
  3 ribbon worms
  29 orcs
  2 bats (D:3)
  7 endoplasms
  2 giant cockroaches
  6 hobgoblins
  10 jackals
  3 quokkas
  11 ball pythons
  3 frilled lizards
  12 goblins
  31 kobolds
  8 rats
286 creatures vanquished.

Vanquished Creatures (others)
  A sky beast (D:6)
  2 orcs (D:6)
  A kobold (D:6)
4 creatures vanquished.

Grand Total: 290 creatures vanquished

Notes
Turn   | Place    | Note
-------+----------+-------------------------------------------
     0 | D:1      | Kenran the Naga Gladiator began the quest for the Orb.
     0 | D:1      | Reached XP level 1. HP: 19/19 MP: 1/1
    61 | D:1      | Found Zixtakh's Jewellery Shop.
   180 | D:1      | Reached XP level 2. HP: 26/26 MP: 2/2
   566 | D:1      | Reached skill level 4 in Unarmed Combat
   809 | D:2      | Reached XP level 3. HP: 32/32 MP: 3/3
  1808 | D:3      | Found a burning altar of Makhleb.
  1814 | D:3      | Reached XP level 4. HP: 35/39 MP: 4/4
  1879 | D:3      | Noticed Terence
  1885 | D:3      | Killed Terence
  1886 | D:3      | Reached skill level 5 in Unarmed Combat
  1912 | D:3      | Found a shimmering altar of Xom.
  1982 | D:3      | Found a hazy altar of Hepliaklqana.
  2013 | D:3      | Found a stormy altar of Qazlal.
  2136 | D:3      | Reached XP level 5. HP: 42/45 MP: 5/5
  2319 | D:3      | Reached skill level 6 in Unarmed Combat
  2385 | D:3      | Reached XP level 6. HP: 48/52 MP: 6/6
  2529 | D:3      | Found a sparkling altar of Nemelex Xobeh.
  3037 | D:4      | Found a glowing golden altar of the Shining One.
  3041 | D:4      | Noticed Grinder
  3066 | D:4      | Killed Grinder
  3067 | D:4      | Reached skill level 7 in Unarmed Combat
  3067 | D:4      | Reached XP level 7. HP: 45/62 MP: 7/7
  3152 | D:4      | Found a bloodstained altar of Trog.
  3156 | D:4      | Became a worshipper of the Shining One
  3159 | D:4      | Found a blossoming altar of Fedhas.
  3170 | D:4      | Identified the +8 chain mail of Parts Unknown {Harm rF+
                  | Dex+6}
  3198 | D:4      | Reached skill level 8 in Unarmed Combat
  3701 | D:4      | Found a runed translucent door.
  3702 | D:4      | Noticed Crazy Yiuf
  3908 | D:5      | Entered Level 5 of the Dungeon
  4147 | D:5      | Reached skill level 9 in Unarmed Combat
  4147 | D:5      | Reached skill level 1 in Armour
  4147 | D:5      | Reached skill level 1 in Invocations
  4147 | D:5      | Reached XP level 8. HP: 67/69 MP: 7/9
  4435 | D:5      | Found Ussiyw's Assorted Antiques.
  4443 | D:5      | Reached skill level 1 in Evocations
  4464 | D:5      | Noticed Duvessa
  4464 | D:5      | Noticed Dowan
  4469 | D:5      | Killed Dowan
  4482 | D:5      | Killed Duvessa
  5125 | D:6      | Found a sacrificial altar of Ru.
  5477 | D:6      | Reached * piety under the Shining One
  5511 | D:6      | Reached skill level 5 in Evocations
  5529 | D:6      | Reached XP level 9. HP: 46/75 MP: 11/11
  6002 | D:6      | Noticed Blork the orc
  6010 | D:6      | Killed Blork the orc
  6046 | D:6      | Found a white marble altar of Elyvilon.
  6047 | D:6      | Found an iron altar of Okawaru.
  6180 | D:6      | You fall into a shaft and drop 2 floors!
  6183 | D:8      | Found a staircase to the Lair.
  6306 | D:7      | Noticed Maggie
  6322 | D:7      | Killed Maggie
  6323 | D:7      | Reached skill level 10 in Unarmed Combat
  6340 | D:7      | Noticed a hornet
  6350 | D:7      | Killed a hornet
  6351 | D:7      | Noticed a troll
  6367 | D:7      | Noticed Prince Ribbit
  6384 | D:7      | Killed Prince Ribbit
  6385 | D:7      | Reached skill level 11 in Unarmed Combat
  6586 | D:6      | Found a staircase to the Ecumenical Temple.
  6978 | D:7      | Reached XP level 10. HP: 82/87 MP: 12/12
  6982 | D:7      | Found an ornate altar of the Wu Jian Council.
  6997 | D:7      | Reached skill level 5 in Fighting
  7048 | D:7      | Noticed Menkaure
  7055 | D:7      | Killed Menkaure
  7497 | D:8      | Found a shadowy altar of Dithmenos.
  7508 | D:7      | Reached ** piety under the Shining One
  7543 | D:8      | Reached skill level 1 in Shields
  8759 | D:9      | Found an opulent altar of Gozag.
  8766 | D:9      | Found Gozag's Platinum Reserve.
  9158 | D:10     | Entered Level 10 of the Dungeon
  9185 | D:10     | Noticed Fannar
  9208 | D:10     | Killed Fannar
  9365 | D:10     | Reached skill level 5 in Invocations
  9662 | D:10     | Reached XP level 11. HP: 60/100 MP: 14/14
 10120 | D:11     | Reached skill level 12 in Unarmed Combat
 10127 | D:11     | Noticed a manticore
 10140 | D:11     | Killed a manticore
 10698 | D:11     | Found a staircase to the Orcish Mines.
 10741 | D:11     | Reached *** piety under the Shining One
 11212 | Lair:1   | Entered Level 1 of the Lair of Beasts
 11257 | Lair:1   | Reached skill level 10 in Fighting
 11775 | Lair:1   | Noticed an oklob plant
 11878 | Lair:1   | Noticed an oklob plant
 12146 | Lair:1   | You fall into a shaft and drop 1 floor!
 12159 | Lair:1   | Reached skill level 5 in Armour
 12963 | Lair:1   | Reached XP level 12. HP: 58/116 MP: 15/15
 13353 | Lair:1   | Reached skill level 13 in Unarmed Combat
 13700 | Lair:2   | Found a hole to the Spider Nest.
 13751 | Lair:2   | Slain by a jumping spider

Illustrated notes

Levels and vault maps discovered:
D:1:      enne_arrival_octagon_isle, layout_basic, serial_shops, shop
D:2:      layout_basic
D:3:      layout_basic, led_xom_imps, marbit_many_paths,
          nicolae_hepliaklqana_hippocampus, bloody_makhleb,
          mainiacjoe_overflow_tiny_flanked, serial_forest,
          infiniplex_forest_side_room, infiniplex_forest_straight_2,
          infiniplex_forest_lined_2, infiniplex_forest_lined_2,
          infiniplex_forest_clump_tiny, infiniplex_forest_clump_medium,
          uniq_terence
D:4:      layout_basic, fedhas_altar_2, grunt_temple_overflow_open,
          nrook_mini_backslash, minmay_misc_feat_nine_boxes,
          minmay_fractal_squares_diagonal_5, uniq_grinder,
          uniq_crazy_yiuf_cottage
D:5:      layout_basic, serial_shops, shop, serial_glass, glass_columns_a,
          glass_columns_a, due_unseen_surprise, grunt_ministairs_13,
          uniq_duvessa
D:6:      wad_crossroads, layout_loops_ring, nicolae_ru_sacrificial_ziggurat,
          gammafunk_temple_overflow_pools, minmay_temple_entry_fiery,
          uniq_blork_the_orc
D:7:      layout_rooms, mainiacjoe_overflow_surrounded_room, uniq_menkaure,
          uniq_maggie, uniq_prince_ribbit1
D:8:      layout_rooms, grunt_dithmenos_smoke, lair_entry_dummy
D:9:      layout_cave_pods, nicolae_gozag_zags_fifth_avenue
D:10:     nicolae_cairo_tiling, layout_irregular_city,
          minmay_unpleasant_kobolds, uniq_fannar
D:11:     layout_rooms, minmay_orc_entry_temple_small
Lair:1:   layout_loops_ring, disabler_island, serial_bayou_shore_b
Lair:2:   layout_cellular_growth, mainiacjoe_shoals_entry_four_pools,
          spider_nest_entry_a, grunt_megastairs_3

Skill      XL: |  1  2  3  4  5  6  7  8  9 10 11 12 |
---------------+-------------------------------------+-----
Unarmed Combat | 4 5 6 7 9 11 12 13 | 13.1
Fighting       | 3 4 7 10 | 10.0
Armour         | 1 2 4 5 6 |  6.2
Invocations    | 1 3 5 |  5.0
Evocations     | 5 |  5.0
Shields        | 3 |  3.0
Throwing       | |  1.7
Dodging        | |  2.4

Action                     |  1- 3 |  4- 6 |  7- 9 | 10-12 || total
---------------------------+-------+-------+-------+-------++-------
  Melee: Unarmed           |    86 |   175 |   335 |   515 ||  1111
         Punch             |     4 |     3 |    16 |       ||    23
  Throw: Throwing net      |       |     7 |     4 |       ||    11
         Javelin           |       |     1 |       |       ||     1
 Invoke: Divine Shield     |       |       |     1 |     1 ||     2
Ability: Spit Poison       |    15 |    14 |    18 |    20 ||    67
  Evoke: Wand              |       |       |     6 |     5 ||    11
    Use: Scroll            |     1 |       |     7 |     1 ||     9
         Potion            |       |       |     6 |     2 ||     8
   Stab: Sleeping          |     1 |       |       |       ||     1
         Held in net/web   |       |     1 |       |       ||     1
 Armour: Leather armour    |    62 |     2 |       |       ||    64
         Chain mail        |       |   150 |   318 |       ||   468
         Skin              |       |       |     8 |    11 ||    19
         Steam dragon scal |       |       |     4 |   419 ||   423
  Dodge: Dodged            |    39 |    48 |   116 |   239 ||   442
  Block: Buckler           |       |       |    35 |    87 ||   122
